 Dungeon Crawl Stone Soup version 0.28.0-53-g5a82cb258f (webtiles) character file.

Game seed: 5136928694165882622

1351 Integry the Basher (level 8, -9/53 HPs)
             Began as a Gargoyle Fighter on Aug 16, 2022.
             Mangled by an orc warrior
             ... wielding a +0 halberd
              (12 damage)
             ... in a bailey on Aug 17, 2022.
             The game lasted 00:07:32 (4033 turns).

Integry the Basher (Gargoyle Fighter)               Turns: 4033, Time: 00:07:32

Health: -9/53      AC: 18    Str: 20    XL:     8   Next: 63%
Magic:  8/8        EV: 10    Int: 11    God:
Gold:   199        SH:  4    Dex: 12    Spells: 7/7 levels left

rFire   . . .      SeeInvis .   a - +0 flail
rCold   . . .      Faith    .   c - +0 buckler
rNeg    + . .      Spirit   .   o - +5 ring mail of Perfidy {Regen+ Dex+3}
rPois   ∞          Reflect  .   s - +0 helmet
rElec   +          Harm     .   j - +0 cloak
rCorr   .          Rampage  .   (no gloves)
Will    .....                   (no boots)
Stlth   +.........              (no amulet)
HPRegen 0.97/turn               (no ring)
MPRegen 0.11/turn               (no ring)

@: no status effects
A: sickness immunity, AC +5, negative energy resistance 1, electricity
resistance, torment resistance 1, petrification resistance
a: no special abilities


You were in a bailey.
You visited 1 branch of the dungeon, and saw 7 of its levels.
You also visited: Bailey.

You collected 199 gold pieces.

Inventory:

Hand Weapons
 a - a +0 flail (weapon)
Armour
 b - a +0 scale mail
 c - a +0 buckler (worn)
 i - the +5 chain mail "Ywkaup Omed" {rC+}
   (You found it on level 3 of the Dungeon)

   rC:        It protects you from cold.
 j - a +0 cloak (worn)
 o - the +5 ring mail of Perfidy (worn) {Regen+ Dex+3}
   (You found it on level 2 of the Dungeon)

   Dex:       It affects your dexterity (+3).
   Regen:     It increases your rate of health regeneration.
 s - a +0 helmet (worn)
Scrolls
 l - 2 scrolls of fear {unknown}
 m - a scroll of enchant armour {unknown}
 p - a scroll of identify {unknown}
 q - a scroll of noise {unknown}
Potions
 e - a potion of cancellation {unknown}
 g - a potion of curing {unknown}
 n - a potion of haste {unknown}
 r - a potion of flight {unknown}


   Skills:
 + Level 7.1 Fighting
 * Level 8.6 Maces & Flails
 + Level 3.5 Armour
 - Level 3.2 Shields


You had 7 spell levels left.
You didn't know any spells.
Your spell library contained the following spells:

 Spells                   Type           Power      Damage    Failure   Level
 Animate Skeleton         Necr           0%         N/A       61%         1
 Pain                     Necr           0%         1d4       61%         1
 Sting                    Tmut/Pois      0%         1d3       61%         1
 Poisonous Vapours        Pois/Air       0%         N/A       75%         2
 Call Canine Familiar     Summ           0%         N/A       93%         3
 Ignite Poison            Fire/Tmut/Pois 0%         N/A       93%         3
 Mephitic Cloud           Conj/Pois/Air  0%         N/A       93%         3
 Portal Projectile        Hex/Tloc       0%         N/A       93%         3
 Vampiric Draining        Necr           0%         2d6       93%         3
 Leda's Liquefaction      Hex/Erth       0%         N/A       100%        4
 Olgreb's Toxic Radiance  Pois           0%         N/A       100%        4
 Freezing Cloud           Conj/Ice/Air   0%         6-21      100%        5


Dungeon Overview and Level Annotations

Branches:
Dungeon (8/15)             Bailey (1/1)
 Temple: D:4-7         Lair: D:8-11

Altars:


Innate Abilities, Weirdness & Mutations

You are immune to sickness and miasma.
Your stone body is resilient. (AC +5)
You are immune to poison.
You resist negative energy. (rN+)
You are resistant to electric shocks. (rElec)
You are resistant to unholy torment.
You are immune to petrification.


Message History

You block the orc warrior's attack.
You closely miss the orc warrior.
The orc warrior hits you with a +0 halberd!
The orc warrior hits you but does no damage.
You are too injured to fight recklessly!
You are too injured to fight recklessly!
You are too injured to fight recklessly!
You are too injured to fight recklessly!
You are too injured to fight recklessly!
You are too injured to fight recklessly!
You are too injured to fight recklessly!
You hit the orc warrior.
The orc warrior is lightly wounded.
The orc warrior hits you with a +0 halberd!
* * * LOW HITPOINT WARNING * * *
The orc warrior misses you.
You hit the orc warrior but do no damage.
The orc warrior is lightly wounded.
The orc warrior hits you but does no damage.
The orc hits you but does no damage. The orc warrior barely misses you.
Okay, then.
You hit the orc warrior.
The orc warrior is moderately wounded.
The orc warrior closely misses you. The orc barely misses you.
The orc warrior barely misses you.
You barely miss the orc warrior.
The orc warrior is moderately wounded.
The orc warrior hits you with a +0 halberd.
The orc misses you. The orc warrior barely misses you.
You hit the orc warrior but do no damage.
The orc warrior is moderately wounded.
The orc warrior hits you with a +0 halberd!
* * * LOW HITPOINT WARNING * * *
The orc hits you but does no damage.
The orc warrior hits you from afar with a +0 glaive!
* * * LOW HITPOINT WARNING * * *
You hit the orc warrior.
The orc warrior is heavily wounded.
The orc warrior hits you with a +0 halberd!
You die...

... ..# ≈≈ ≈≈.# ..
.≈.# # .≈.# .##.≈.#
##o.≈.# ...§§ ##o.≈≈.#
..⌠o.§§ #.@≈≈.##
o⌠∩⌠..§ #..≈≈.∩#
..o.o§§ ##o.≈≈.# ≈≈≈≈.
##..≈.# ... ##.≈.#
####+###'#########.≈.#
##.....##..........≈.#
.##.∩.##..≈≈≈≈≈≈≈≈≈≈.#
..## ##[.≈≈..........#


You could see 2 orc warriors and an orc.

Vanquished Creatures
  Grinder (D:4)
  2 wyverns
  Menkaure (D:7)
  2 orc warriors
  A phantom (D:4)
  Blork the orc (D:4)
  A scorpion (D:4)
  A bullfrog (D:7)
  A water moccasin zombie (D:5)
  A hound (D:4)
  5 adders
  7 gnolls
  6 dart slugs
  17 orcs
  6 ball pythons
  4 endoplasms
  2 giant cockroaches
  7 goblins
  5 hobgoblins
  2 jackals (D:3)
  2 quokkas (D:4)
  5 bats
  A frilled lizard (D:3)
  A jackal skeleton (D:4)
  4 kobolds
  7 rats
93 creatures vanquished.

Notes
Turn   | Place    | Note
-------+----------+-------------------------------------------
     0 | D:1      | Integry the Gargoyle Fighter began the quest for the Orb.
     0 | D:1      | Reached XP level 1. HP: 14/14 MP: 1/1
   540 | D:1      | Found a faded altar of an unknown god.
   742 | D:2      | Reached XP level 2. HP: 19/19 MP: 2/2
  1196 | D:3      | Identified the +5 chain mail "Ywkaup Omed" {rC+}
  1412 | D:2      | Reached skill level 3 in Maces & Flails
  1428 | D:2      | Reached XP level 3. HP: 13/24 MP: 3/3
  2186 | D:2      | Identified the +5 ring mail of Perfidy {Regen+ Dex+3}
  2358 | D:3      | Reached XP level 4. HP: 29/29 MP: 4/4
  2825 | D:4      | Reached skill level 4 in Maces & Flails
  2876 | D:4      | Noticed a phantom
  2886 | D:4      | Killed a phantom
  2887 | D:4      | Reached XP level 5. HP: 34/34 MP: 5/5
  3019 | D:4      | Noticed Grinder
  3028 | D:4      | Paralysed by Grinder for 6 turns
  3059 | D:4      | Killed Grinder
  3060 | D:4      | Reached skill level 5 in Fighting
  3060 | D:4      | Reached skill level 5 in Maces & Flails
  3060 | D:4      | Reached XP level 6. HP: 35/40 MP: 6/6
  3079 | D:4      | Noticed Blork the orc
  3087 | D:4      | Killed Blork the orc
  3088 | D:4      | Reached skill level 6 in Maces & Flails
  3088 | D:4      | Reached XP level 7. HP: 26/44 MP: 7/7
  3595 | D:5      | Entered Level 5 of the Dungeon
  3656 | D:5      | You fall into a shaft and drop 3 floors!
  3666 | D:8      | Noticed a wyvern
  3680 | D:8      | Killed a wyvern
  3681 | D:8      | Reached skill level 7 in Maces & Flails
  3702 | D:8      | Reached XP level 8. HP: 27/52 MP: 8/8
  3713 | D:8      | Noticed a yak
  3715 | D:8      | Noticed a yak
  3715 | D:8      | Noticed a yak
  3733 | D:8      | Noticed a wyvern
  3755 | D:7      | Killed a wyvern
  3771 | D:7      | Reached skill level 8 in Maces & Flails
  3791 | D:7      | Noticed Menkaure
  3792 | D:7      | Found a flagged portal.
  3798 | D:7      | Killed Menkaure
  3816 | Bailey   | Entered a bailey
  4002 | Bailey   | Noticed an orc knight
  4013 | Bailey   | Noticed an orc knight
  4032 | Bailey   | HP: 2/53 [orc warrior/+0 glaive (7)]
  4033 | Bailey   | Mangled by an orc warrior

Illustrated notes

Levels and vault maps discovered:
D:1:      eino_arrival_cavern_d, layout_rooms, chequers_ecumenical_altar_twisty,
          serial_rivers, chequers_serial_rivers_micro_b,
          chequers_serial_rivers_small_a, chequers_serial_rivers_micro_b,
          chequers_serial_rivers_marsh, chequers_serial_rivers_room_a,
          chequers_serial_rivers_large_b, chequers_jeans, kennysheep_flooded_box
D:2:      minmay_spotlight, layout_basic, chequers_decorated_corner,
          grunt_ministairs_4, minmay_bisected
D:3:      layout_rooms, minivault_14
D:4:      layout_loops_corners, uniq_blork_the_orc, uniq_grinder
D:5:      wander_river, layout_basic, uniq_eustachio
D:7:      layout_basic, mainiacjoe_overflow_boulevard, minmay_temple_entry_grid,
          serial_co_window_serial, co_window_corner_a, co_window_paths_a,
          co_window_of_opportunity_a, co_window_of_opportunity_a,
          co_window_of_opportunity_a, co_window_cross_1, co_window_paths_b,
          co_window_of_opportunity_b, co_window_corner_b,
          co_window_unsneaky_path_b, co_window_unsneaky_path_a,
          co_window_corner_b, co_window_2corner, co_window_4corner_b,
          glass_columns_a, glass_columns_b, glass_columns_a, glass_columns_b,
          enter_bailey_3, uniq_menkaure, uniq_prince_ribbit1
D:8:      layout_rooms, minmay_joined_circles
Bailey:   bailey_polearm_1, bailey

Skill      XL: |  1  2  3  4  5  6  7  8 |
---------------+-------------------------+-----
Maces & Flails | 3 4 5 6 7 8 |  8.6
Fighting       | 4 5 6 7 |  7.1
Armour         | |  3.5
Shields        | |  3.2

Action                   |  1- 3 |  4- 6 |  7- 9 || total
-------------------------+-------+-------+-------++-------
Melee: Flail             |   119 |   101 |   170 ||   390
  Use: Potion            |       |     1 |     1 ||     2
       Scroll            |       |       |     3 ||     3
Armor: Scale mail        |    35 |       |       ||    35
       Chain mail        |    23 |       |       ||    23
       Ring mail         |    21 |    51 |   113 ||   185
Dodge: Dodged            |    82 |    49 |   117 ||   248
Block: Buckler           |    24 |    22 |    55 ||   101
